TOP OF THE 1ST |
Mahoning Valley Scrappers batting - Pitching for Connecticut Tigers : RHP Rich Nunez
|
Pitching: RHP Rich Nunez
|
|
Batting: RHB Chris Folse
|
0-0: Foul Ball, location: 2F 0-1: Foul Ball, location: 2F 0-2: Strikes out swinging
|
Batting: RHB Jonathan Livingston
|
0-0: Called Strike 0-1: Ball 1-1: Called Strike 1-2: DOUBLE (Line Drive, 5D, EV 95.0 MPH)
|
Batting: LHB Dave Key
|
0-0: Ball 1-0: Ball 2-0: Called Strike 2-1: Ball Wild Pitch! Jonathan Livingston to third 3-1: SINGLE (Groundball, 6D, EV 94.4 MPH) Jonathan Livingston scores
|
Batting: RHB Kevin Wiles
|
0-0: Foul Ball, location: 2F 0-1: Foul Ball, location: 2F 0-2: Ball 1-2: Ball 2-2: Foul Ball, location: 2F 2-2: Fly out, F9 (Flyball, 9, EV 88.1 MPH)
|
Batting: LHB Rich Walker
|
0-0: Ball 1-0: Called Strike 1-1: Ball 2-1: SINGLE (Groundball, 4S, EV 63.8 MPH) (infield hit) Dave Key to second
|
Batting: RHB Andy Lewis
|
0-0: Called Strike 0-1: Foul Ball, location: 2F 0-2: Hit by Pitch Dave Key to third Rich Walker to second
|
Batting: LHB Vinny Carreno
|
0-0: Ball 1-0: Ball 2-0: Called Strike 2-1: Called Strike 2-2: Foul Ball, location: 2F 2-2: Strikes out swinging
|
Top of the 1st over - 1 run, 3 hits, 0 errors, 3 left on base; Mahoning Valley 1 - Connecticut 0 |
BOTTOM OF THE 1ST |
Connecticut Tigers batting - Pitching for Mahoning Valley Scrappers : RHP Mike Staley
|
Pitching: RHP Mike Staley
|
|
Batting: RHB Yaremka Rzhevsky
|
0-0: Ball 1-0: Ball 2-0: Foul Ball, location: 2F 2-1: Foul Ball, location: 2F 2-2: Ground out 6-3 (Groundball, 6, EV 106.9 MPH)
|
Batting: RHB Brandon Everett
|
0-0: Called Strike 0-1: Ball 1-1: Ground out 4-3 (Groundball, 4, EV 79.4 MPH)
|
Batting: RHB Trevor Mock
|
0-0: Ball 1-0: Ground out 5-3 (Groundball, 5, EV 107.5 MPH)
|
Bottom of the 1st over - 0 runs, 0 hits, 0 errors, 0 left on base; Mahoning Valley 1 - Connecticut 0 |
TOP OF THE 2ND |
Mahoning Valley Scrappers batting - Pitching for Connecticut Tigers : RHP Rich Nunez
|
Batting: RHB Jose Argueta
|
0-0: Ball 1-0: Ball 2-0: Foul Ball, location: 2F 2-1: Ground out 6-3 (Groundball, P, EV 88.1 MPH)
|
Batting: LHB Brandon Hopper
|
0-0: Foul Ball, location: 2F 0-1: Foul Ball, location: 2F 0-2: Ball 1-2: Strikes out looking
|
Batting: RHB Chris Folse
|
0-0: Hit by Pitch
|
Batting: RHB Jonathan Livingston
|
0-0: Ball 1-0: Fielders Choice at 2nd, 6-4 (Groundball, 6, EV 109.4 MPH)
|
Top of the 2nd over - 0 runs, 0 hits, 0 errors, 1 left on base; Mahoning Valley 1 - Connecticut 0 |
BOTTOM OF THE 2ND |
Connecticut Tigers batting - Pitching for Mahoning Valley Scrappers : RHP Mike Staley
|
Batting: RHB Sam Saunders
|
0-0: Called Strike 0-1: Called Strike 0-2: Ground out 4-3 (Groundball, 4S, EV 85.0 MPH)
|
Batting: LHB Jon Pedlar
|
0-0: Foul Ball, location: 2F 0-1: SINGLE (Line Drive, 4MD, EV 94.4 MPH)
|
Batting: RHB Josh Lyon
|
0-0: Ball 1-0: Ball 2-0: Called Strike 2-1: 2-RUN HOME RUN (Flyball, 7LD, EV 93.1 MPH), Distance : 364 ft
|
Batting: LHB Steve Herrera
|
0-0: Called Strike 0-1: Foul Ball, location: 2F 0-2: Strikes out swinging
|
Batting: RHB Matt Haberle
|
0-0: Ball 1-0: Called Strike 1-1: Ground out 5-3 (Groundball, 5S, EV 84.4 MPH)
|
Bottom of the 2nd over - 2 runs, 2 hits, 0 errors, 0 left on base; Mahoning Valley 1 - Connecticut 2 |
TOP OF THE 3RD |
Mahoning Valley Scrappers batting - Pitching for Connecticut Tigers : RHP Rich Nunez
|
Batting: LHB Dave Key
|
0-0: Swinging Strike 0-1: Ball 1-1: Fly out, F7 (Line Drive, 7S, EV 84.4 MPH)
|
Batting: RHB Kevin Wiles
|
0-0: Ball 1-0: Ball 2-0: Ground out 3-1 (Groundball, 34, EV 81.2 MPH)
|
Batting: LHB Rich Walker
|
0-0: Ball 1-0: Foul Ball, location: 2F 1-1: Ground out 4-3 (Groundball, 4, EV 102.5 MPH)
|
Top of the 3rd over - 0 runs, 0 hits, 0 errors, 0 left on base; Mahoning Valley 1 - Connecticut 2 |
BOTTOM OF THE 3RD |
Connecticut Tigers batting - Pitching for Mahoning Valley Scrappers : RHP Mike Staley
|
Batting: LHB Zach Rose
|
0-0: Swinging Strike 0-1: Reached on error, E6 (Groundball, 6, EV 104.4 MPH)
|
Batting: RHB Yaremka Rzhevsky
|
0-0: Ball 1-0: Foul Ball, location: 2F 1-1: Grounds into double play, 4-6-3 (Groundball, 34, EV 82.5 MPH)
|
Batting: RHB Brandon Everett
|
0-0: Called Strike 0-1: Ball 1-1: Called Strike 1-2: Ground out 5-3 (Groundball, 56, EV 86.9 MPH)
|
Bottom of the 3rd over - 0 runs, 0 hits, 1 error, 0 left on base; Mahoning Valley 1 - Connecticut 2 |
TOP OF THE 4TH |
Mahoning Valley Scrappers batting - Pitching for Connecticut Tigers : RHP Rich Nunez
|
Batting: RHB Andy Lewis
|
0-0: Called Strike 0-1: Ball 1-1: Ball 2-1: Fly out, F8 (Flyball, 78M, EV 97.5 MPH)
|
Batting: LHB Vinny Carreno
|
0-0: Foul Ball, location: 2F 0-1: Ball 1-1: Ball 2-1: Called Strike 2-2: Ball 3-2: Foul Ball, location: 2F 3-2: SINGLE (Line Drive, 4MD, EV 110.6 MPH)
|
Batting: RHB Jose Argueta
|
0-0: Ball 1-0: Fly out, F8 (Flyball, 8RM, EV 88.1 MPH)
|
Batting: LHB Brandon Hopper
|
0-0: Ball 1-0: Ball 2-0: Foul Ball, location: 2F 2-1: Called Strike 2-2: Ball 3-2: Foul Ball, location: 2F 3-2: Fly out, F8 (Flyball, 89M, EV 71.2 MPH)
|
Top of the 4th over - 0 runs, 1 hit, 0 errors, 1 left on base; Mahoning Valley 1 - Connecticut 2 |
BOTTOM OF THE 4TH |
Connecticut Tigers batting - Pitching for Mahoning Valley Scrappers : RHP Mike Staley
|
Batting: RHB Trevor Mock
|
0-0: Called Strike 0-1: Foul Ball, location: 2F 0-2: Ball 1-2: Foul Ball, location: 2F 1-2: Fly out, F8 (Flyball, 78S, EV 87.5 MPH)
|
Batting: RHB Sam Saunders
|
0-0: Ball 1-0: Ball 2-0: Fly out, F8 (Flyball, 78M, EV 91.9 MPH)
|
Batting: LHB Jon Pedlar
|
0-0: Called Strike 0-1: Swinging Strike 0-2: Ball 1-2: DOUBLE (Line Drive, 78D, EV 108.1 MPH)
|
Batting: RHB Josh Lyon
|
0-0: Called Strike 0-1: Ground out U3 (Groundball, 34, EV 83.1 MPH)
|
Bottom of the 4th over - 0 runs, 1 hit, 0 errors, 1 left on base; Mahoning Valley 1 - Connecticut 2 |
TOP OF THE 5TH |
Mahoning Valley Scrappers batting - Pitching for Connecticut Tigers : RHP Rich Nunez
|
Batting: RHB Chris Folse
|
0-0: Ball 1-0: Ball 2-0: Foul Ball, location: 2F 2-1: Swinging Strike 2-2: Ground out 6-3 (Groundball, 6M, EV 105.0 MPH)
|
Batting: RHB Jonathan Livingston
|
0-0: Called Strike 0-1: Ball 1-1: Swinging Strike 1-2: DOUBLE (Line Drive, 89D, EV 114.4 MPH)
|
Batting: LHB Dave Key
|
0-0: Called Strike 0-1: Ground out 5-3 (Groundball, 5, EV 81.2 MPH)
|
Batting: RHB Kevin Wiles
|
0-0: Ball 1-0: Ground out 6-3 (Groundball, 6, EV 80.0 MPH)
|
Top of the 5th over - 0 runs, 1 hit, 0 errors, 1 left on base; Mahoning Valley 1 - Connecticut 2 |
BOTTOM OF THE 5TH |
Connecticut Tigers batting - Pitching for Mahoning Valley Scrappers : RHP Mike Staley
|
Batting: LHB Steve Herrera
|
0-0: Ball 1-0: Called Strike 1-1: Ground out 5-3 (Groundball, 56S, EV 80.6 MPH)
|
Batting: RHB Matt Haberle
|
0-0: Called Strike 0-1: Called Strike 0-2: Strikes out looking
|
Batting: LHB Zach Rose
|
0-0: Ball 1-0: Called Strike 1-1: Swinging Strike 1-2: Strikes out swinging
|
Bottom of the 5th over - 0 runs, 0 hits, 0 errors, 0 left on base; Mahoning Valley 1 - Connecticut 2 |
TOP OF THE 6TH |
Mahoning Valley Scrappers batting - Pitching for Connecticut Tigers : RHP Rich Nunez
|
Batting: LHB Rich Walker
|
0-0: Called Strike 0-1: Ball 1-1: Ball 2-1: Called Strike 2-2: Strikes out looking
|
Batting: RHB Andy Lewis
|
0-0: Called Strike 0-1: Ball 1-1: Ball 2-1: Ball 3-1: Base on Balls
|
Batting: LHB Vinny Carreno
|
0-0: Fielders Choice at 2nd, 3-6 (Groundball, 3, EV 85.6 MPH)
|
Batting: RHB Jose Argueta
|
0-0: Ball 1-0: Ball 2-0: Ball 3-0: Foul Ball, location: 2F 3-1: DOUBLE (Line Drive, 5D, EV 106.2 MPH) Vinny Carreno to third Runner from 3rd tries for Home, SAFE, throw by LF to home
|
Batting: LHB Brandon Hopper
|
0-0: Ball Wild Pitch! Jose Argueta to third 1-0: Called Strike 1-1: Ball 2-1: Ball 3-1: Foul Ball, location: 2F 3-2: Base on Balls
|
Pitching: RHP Bert Hernandez
|
|
Pinch Hitting: LHB John Shults
|
0-0: Foul Ball, location: 2F 0-1: Ball 1-1: Ground out 1-3 (Groundball, 13S, EV 72.5 MPH)
|
Top of the 6th over - 1 run, 1 hit, 0 errors, 2 left on base; Mahoning Valley 2 - Connecticut 2 |
BOTTOM OF THE 6TH |
Connecticut Tigers batting - Pitching for Mahoning Valley Scrappers : RHP Mike Staley
|
Now in LF: Travis Burnett
|
|
Batting: RHB Yaremka Rzhevsky
|
0-0: Called Strike 0-1: Ball 1-1: Ball 2-1: Fly out, F8 (Flyball, 8RD, EV 100.6 MPH)
|
Batting: RHB Brandon Everett
|
0-0: Called Strike 0-1: Called Strike 0-2: Ground out 3-1 (Groundball, 34S, EV 81.2 MPH)
|
Batting: RHB Trevor Mock
|
0-0: Called Strike 0-1: Swinging Strike 0-2: Ball 1-2: Strikes out swinging
|
Bottom of the 6th over - 0 runs, 0 hits, 0 errors, 0 left on base; Mahoning Valley 2 - Connecticut 2 |
TOP OF THE 7TH |
Mahoning Valley Scrappers batting - Pitching for Connecticut Tigers : RHP Bert Hernandez
|
Batting: RHB Jonathan Livingston
|
0-0: Reached on error, E9 (Flyball, 9S, EV 86.2 MPH)
|
Batting: LHB Dave Key
|
0-0: Foul Ball, location: 2F 0-1: Foul Ball, location: 2F 0-2: Ball 1-2: Ball 2-2: Fielders Choice at 2nd, 3-6 (Groundball, 34, EV 95.0 MPH)
|
Pinch Hitting: LHB Matt Steinke
|
0-0: Ball Wild Pitch! Dave Key to second 1-0: Foul Ball, location: 2F 1-1: Ball 2-1: Called Strike 2-2: Ball 3-2: 2-RUN HOME RUN (Flyball, 7D, EV 103.1 MPH), Distance : 402 ft
|
Batting: LHB Rich Walker
|
0-0: Ball 1-0: DOUBLE (Line Drive, 89D, EV 107.5 MPH)
|
Batting: RHB Andy Lewis
|
0-0: Foul Ball, location: 2F 0-1: Ground out 3-1 (Groundball, 34S, EV 77.5 MPH) Rich Walker to third
|
Batting: LHB Vinny Carreno
|
0-0: Ball 1-0: Ball 2-0: Called Strike 2-1: Swinging Strike 2-2: Ball 3-2: Base on Balls
|
Batting: RHB Jose Argueta
|
0-0: Ball 1-0: Ball 2-0: Ball 3-0: Called Strike 3-1: Swinging Strike 3-2: Ground out 5-3 (Groundball, 5L, EV 88.8 MPH)
|
Top of the 7th over - 2 runs, 2 hits, 1 error, 2 left on base; Mahoning Valley 4 - Connecticut 2 |
BOTTOM OF THE 7TH |
Connecticut Tigers batting - Pitching for Mahoning Valley Scrappers : RHP Mike Staley
|
Now at 1B: Bill Ortiz
|
|
Batting: RHB Sam Saunders
|
0-0: Ball 1-0: Ball 2-0: Called Strike 2-1: Swinging Strike 2-2: Foul Ball, location: 2F 2-2: Foul Ball, location: 2F 2-2: Strikes out looking
|
Batting: LHB Jon Pedlar
|
0-0: Foul Ball, location: 2F 0-1: Called Strike 0-2: Ball 1-2: Ball 2-2: Ball 3-2: Strikes out looking
|
Batting: RHB Josh Lyon
|
0-0: Called Strike 0-1: Foul Ball, location: 2F 0-2: Ball 1-2: Foul Ball, location: 2F 1-2: Ball 2-2: Ball 3-2: SINGLE (Groundball, 56D, EV 106.9 MPH)
|
Batting: LHB Steve Herrera
|
0-0: Ground out 1-3 (Groundball, 13S, EV 65.0 MPH)
|
Bottom of the 7th over - 0 runs, 1 hit, 0 errors, 1 left on base; Mahoning Valley 4 - Connecticut 2 |
TOP OF THE 8TH |
Mahoning Valley Scrappers batting - Pitching for Connecticut Tigers : RHP Bert Hernandez
|
Pitching: LHP Estêvão Cavadas
|
|
Pinch Hitting: RHB Ricky Butts
|
0-0: Fly out, F3 (Popup, 3, EV 58.8 MPH)
|
Pitching: RHP Sho Sekine
|
|
Batting: SHB Travis Burnett
|
0-0: Called Strike 0-1: Fly out, F8 (Flyball, 8LD, EV 90.6 MPH)
|
Batting: RHB Jonathan Livingston
|
0-0: Called Strike 0-1: Hit by Pitch
|
Batting: LHB Dave Key
|
0-0: Called Strike 0-1: Ball 1-1: Foul Ball, location: 2F 1-2: Foul Ball, location: 2F 1-2: Ball 2-2: Fly out, F8 (Flyball, 78XD, EV 104.4 MPH)
|
Top of the 8th over - 0 runs, 0 hits, 0 errors, 1 left on base; Mahoning Valley 4 - Connecticut 2 |
BOTTOM OF THE 8TH |
Connecticut Tigers batting - Pitching for Mahoning Valley Scrappers : RHP Mike Staley
|
Now in LF: Jesus Montana
|
|
Now in RF: Travis Burnett
|
|
Batting: RHB Matt Haberle
|
0-0: Ball 1-0: Ball 2-0: Ground out 6-3 (Groundball, 6M, EV 103.8 MPH)
|
Batting: LHB Zach Rose
|
0-0: Ball 1-0: Foul Ball, location: 2F 1-1: Swinging Strike 1-2: Strikes out swinging
|
Batting: RHB Yaremka Rzhevsky
|
0-0: Ball 1-0: TRIPLE (Flyball, 89XD, EV 111.2 MPH)
|
Batting: RHB Brandon Everett
|
0-0: Ground out 5-3 (Groundball, 56, EV 103.8 MPH)
|
Bottom of the 8th over - 0 runs, 1 hit, 0 errors, 1 left on base; Mahoning Valley 4 - Connecticut 2 |
TOP OF THE 9TH |
Mahoning Valley Scrappers batting - Pitching for Connecticut Tigers : RHP Sho Sekine
|
Batting: RHB Bill Ortiz
|
0-0: Called Strike 0-1: Foul Ball, location: 2F 0-2: Hit by Pitch
|
Batting: LHB Rich Walker
|
0-0: Swinging Strike 0-1: Ball 1-1: Called Strike 1-2: Strikes out looking
|
Batting: RHB Andy Lewis
|
0-0: Ball 1-0: Swinging Strike 1-1: Fielders Choice at 2nd, 5-4 (Groundball, 5, EV 101.9 MPH)
|
Batting: LHB Vinny Carreno
|
0-0: Called Strike 0-1: Ball 1-1: Ball 2-1: Ball 3-1: Base on Balls Andy Lewis to second
|
Batting: RHB Jose Argueta
|
0-0: Foul Ball, location: 2F 0-1: Swinging Strike 0-2: Foul Ball, location: 2F 0-2: Foul Ball, location: 2F 0-2: Strikes out swinging
|
Top of the 9th over - 0 runs, 0 hits, 0 errors, 2 left on base; Mahoning Valley 4 - Connecticut 2 |
BOTTOM OF THE 9TH |
Connecticut Tigers batting - Pitching for Mahoning Valley Scrappers : RHP Mike Staley
|
Pitching: LHP Micah Watson
|
|
Batting: RHB Trevor Mock
|
0-0: Foul Ball, location: 2F 0-1: Swinging Strike 0-2: Strikes out swinging
|
Batting: RHB Sam Saunders
|
0-0: Foul Ball, location: 2F 0-1: Swinging Strike 0-2: Ball 1-2: Foul Ball, location: 2F 1-2: Ball 2-2: Foul Ball, location: 2F 2-2: Ball 3-2: Foul Ball, location: 2F 3-2: Foul Ball, location: 2F 3-2: Base on Balls
|
Batting: LHB Jon Pedlar
|
0-0: Ground out U3 (Groundball, 3S, EV 72.5 MPH) Sam Saunders to second
|
Batting: RHB Josh Lyon
|
0-0: Ball 1-0: Ball 2-0: Ground out U3 (Groundball, 34, EV 82.5 MPH)
|
Bottom of the 9th over - 0 runs, 0 hits, 0 errors, 1 left on base; Mahoning Valley 4 - Connecticut 2 |
|